[Event "*** Titled Tuesday Blitz"]
[Site "Chess.com"]
[Date "2020.01.07"]
[Round "9"]
[White "AndrewMaco"]
[Black "Alexander_Moskalenko"]
[Result "1/2-1/2"]
[WhiteElo "2655"]
[BlackElo "2811"]
[TimeControl "180+2"]
[EndTime "15:07:43 PST"]
[Termination "Game drawn by repetition"]

1. e4 g6 2. d4 d6 3. c3 Bg7 4.
Nf3 Nf6 5. Bd3 O-O 6. O-O Nc6 7. h3 e5 8. Re1 Qe7 9. Be3 h6 10. Nbd2 Nh5 11. Bf1 Bd7 12. Qc2 Rae8 13. b4 a6 14. Qb3 Kh8 15. a4 f5 16. exf5 gxf5 17. dxe5 Nxe5 18. Bd4 Be6 19. Qc2 Bd5 20.
Nxe5 Bxe5 21. Nc4 Bxc4 22. Bxc4 Nf4 23. Bf1 Qf6 24. Qd2 Qg5 25. Kh1 Nxh3 26. Qxg5 Nxg5 27. Bxe5+ Rxe5 28. Rxe5 dxe5 29. Rd1 Rf7 30. Bc4 Re7 31.
f3 c6 32. a5 f4 33. Kg1 e4 34. fxe4 Nxe4 35. Re1 Re8 36. Bf7 Rf8 37. Rxe4 Rxf7 38. Kf2 Kg7 39. Kf3 Kg6 40. Rxf4 Rd7 41. Rg4+ Kf5 42. Rf4+ Kg5 43. Rg4+ Kh5 44. Rc4 Rd3+ 45. Kf4 Kh4 46. Rc5 Rg3 47. Rh5+ Kxh5 48. Kxg3 Kg5 49.
Kf3 h5 50. Kg3 h4+ 51. Kh3 Kh5 52. g3 hxg3 53. Kxg3 Kg5 54. Kf3 Kf5 55. Ke3 Ke5 56. Kd3 Kd5 57. c4+ Ke5 58. Ke3 Kd6 59. Ke4 Ke6 60. Kd4 Kd6 61. Ke4 Ke6 62. Kd4 Kd6 63. Ke4 1/2-1/2

[Event "*** Titled Tuesday Blitz"]
[Site "Chess.com"]
[Date "2020.01.07"]
[Round "9"]
[White "Indianlad"]
[Black "promen1999"]
[Result "1-0"]
[WhiteElo "2921"]
[BlackElo "2789"]
[TimeControl "180+2"]
[EndTime "15:07:48 PST"]
[Termination "Indianlad won by resignation"]

1. Nf3 c5 2. e3 Nf6 3. c4 g6 4. b3 Bg7 5. Bb2 O-O 6. Be2 d6 7. O-O e5 8. Nc3 Nc6 9. d3 h6 10. Nd2 Be6 11. Nde4 Ne8 12. Nd5 f5 13. Nec3 Nc7 14.
Bf3 Kh7 15. a3 Qd7 16. Rb1 Rae8 17. g3 f4 18. Nxc7 Qxc7 19. Nd5 Qd7 20. b4 Bh3 21.
Re1 fxe3 22. fxe3 Qf5 23. Be4 Qf2+ 24. Kh1 Qf7 25. bxc5 dxc5 26. Bc3 b6 27. Qe2 Nd8 28. Bg2 Bxg2+ 29. Qxg2 Ne6 30. e4 Qd7 31. Rf1 Qa4 32. Qb2 Nd4 33. Bxd4 exd4 34. Kg2 Be5 35. Qb5 Qc2+ 36.
Kh3 Qxd3 37. Qd7+ Kh8 38. Rxf8+ Rxf8 39. Qe7 Bg7 40. Re1 Qxc4 41. Qd6 Kh7 42. e5 d3 43. Nf6+ Bxf6 44. exf6 Rf7 45. Re7 d2 46. Qd7 Rxe7 47.
Qxe7+ 1-0

[Event "*** Titled Tuesday Blitz"]
[Site "Chess.com"]
[Date "2020.01.07"]
[Round "9"]
[White "Playgood28"]
[Black "PNEPaul"]
[Result "1-0"]
[WhiteElo "2239"]
[BlackElo "1824"]
[TimeControl "180+2"]
[EndTime "15:07:49 PST"]
[Termination "Playgood28 won by resignation"]

1. d4 a6 2. c4 d6 3. e3 g6 4. Nf3 Nd7 5. Nc3 Bg7 6. b3 e6 7. Bb2 Ne7 8. Bd3 O-O 9. O-O b6 10. b4 Bb7 11. Rc1 Rb8 12. a3 c5 13. dxc5 bxc5 14.
b5 d5 15. Qe2 d4 16. exd4 cxd4 17. Ne4 e5 18. Nd6 Bxf3 19. gxf3 Nc5 20. Ne4 Nxd3 21.
Qxd3 f5 22. Nc5 axb5 23. Ne6 Qb6 24. Nxf8 Rxf8 25. cxb5 Nd5 26. Qc4 Qe6 27. Qc6 Qf7 28.
a4 Nf4 29. Qc4 Nd5 30. Ba3 Rd8 31. b6 Qb7 32. a5 h6 33. Qc6 Qf7 34. b7 Nf4 35.
Qc4 Nd5 36. a6 Qf6 37. Qxd5+ Rxd5 38. b8=Q+ Kh7 39. Qb7 Qg5+ 40. Kh1 Rd8 41. Rc7 Rg8 42. Bf8 Qf6 43. Bxg7 Rxg7 44. Rxg7+ Qxg7 45. Rb1 1-0

[Event "*** Titled Tuesday Blitz"]
[Site "Chess.com"]
[Date "2020.01.07"]
[Round "9"]
[White "liczner"]
[Black "yy2324"]
[Result "1-0"]
[WhiteElo "2790"]
[BlackElo "2581"]
[TimeControl "180+2"]
[EndTime "15:07:50 PST"]
[Termination "liczner won by resignation"]

1. e4 c5 2. Nf3 e6 3. d4 cxd4 4.
Nxd4 Nc6 5. Nc3 Qc7 6. Be2 a6 7. O-O Nf6 8. Be3 Bb4 9. Na4 Be7 10. Nxc6 bxc6 11. Nb6 Rb8 12. Nxc8 Qxc8 13. Bd4 c5 14. Be5 Rb6 15. Qd3 d6 16. Bc3 O-O 17. b3 d5 18. exd5 Nxd5 19. Bb2 Nf4 20. Qe4 Nxe2+ 21.
Qxe2 c4 22. Rfd1 c3 23. Bc1 Rd8 24. Bf4 Rb5 25. Rxd8+ Qxd8 26. g3 h6 27. Re1 Bf6 28. a4 Rb6 29. Rd1 Qe7 30. Qd3 Qb7 31. Qe3 Rb4 32.
Bd6 Re4 33. Qd3 Rd4 34. Qe2 Qd5 35. Rxd4 Qxd4 36. Bf4 a5 37. Be3 Qe4 38. h4 Qd4 39. Bxd4 1-0

[Event "*** Titled Tuesday Blitz"]
[Site "Chess.com"]
[Date "2020.01.07"]
[Round "9"]
[White "Mikhail_Golubev"]
[Black "Induwara_IM"]
[Result "1-0"]
[WhiteElo "2584"]
[BlackElo "2355"]
[TimeControl "180+2"]
[EndTime "15:07:51 PST"]
[Termination "Mikhail_Golubev won by checkmate"]

1. e4 e6 2. d4 d5 3. Nc3 Bb4 4. e5 c5 5. a3 Ba5 6. b4 cxd4 7. Nb5 Bc7 8. f4 Ne7 9. Nf3 Bd7 10. Nxc7+ Qxc7 11. Bd3 a6 12. O-O Bb5 13. Bxb5+ axb5 14. Nxd4 Qc4 15. Qd3 O-O 16. Nxb5 Nbc6 17. Be3 Nf5 18.
Qxc4 dxc4 19. Bc5 Rfd8 20. Rfd1 h5 21. Kf2 g5 22. fxg5 Nxe5 23. h3 Ng6 24. Nd4 Nxd4 25. Rxd4 Rxd4 26. Bxd4 Nf4 27. Kf3 Nd5 28. g4 hxg4+ 29.
Kxg4 b5 30. h4 Ne7 31. h5 Nf5 32. Bf6 Ne3+ 33. Kf4 Nxc2 34. Rd1 Nxa3 35. g6 Nc2 36. Rd7 fxg6 37. hxg6 Nxb4 38. Rg7+ Kf8 39. Kg5 Nd5 40. Rf7+ Kg8 41. Rg7+ Kf8 42. Rh7 Ne7 43. Rxe7 Ra1 44. Rf7+ Kg8 45. Rg7+ Kf8 46. Rh7 Rg1+ 47. Kh5 Rh1+ 48. Bh4 c3 49. Rc7 b4 50. Kg5 e5 51.
Kf6 Rf1+ 52. Ke6 e4 53. Bg5 Rh1 54. Bf6 c2 55. Rc8# 1-0

[Event "*** Titled Tuesday Blitz"]
[Site "Chess.com"]
[Date "2020.01.07"]
[Round "9"]
[White "LimeInTheCoconut"]
[Black "Ar4uha"]
[Result "0-1"]
[WhiteElo "2464"]
[BlackElo "2611"]
[TimeControl "180+2"]
[EndTime "15:07:53 PST"]
[Termination "Ar4uha won on time"]

1. e4 d5 2. exd5 Nf6 3. d4 Bg4 4. Be2 Bxe2 5. Qxe2 Qxd5 6. Nf3 Nc6 7. O-O O-O-O 8.
Be3 e6 9. c4 Qh5 10. Nc3 Bd6 11. h3 h6 12. c5 Be7 13. b4 g5 14. b5 Nb4 15. Rab1 Nbd5 16. Nxd5 Nxd5 17. b6 axb6 18. cxb6 Nxb6 19. Rfc1 Kb8 20. a4 Rd5 21. Bd2 g4 22. Ne5 f6 23. hxg4 Qe8 24. a5 fxe5 25. axb6 cxb6 26. dxe5 Bc5 27. Be3 Qc6 28. Bxc5 bxc5 29.
Rb5 Rc8 30. Rcb1 Rc7 31. Rb6 Qd7 32. Ra1 c4 33. Kh2 Rc6 34. Rb4 Qc7 35. f4 Qe7 36.
Rba4 Qh4+ 37. Kg1 c3 38. Ra8+ Kc7 39. Qc2 Rd2 40. Qh7+ Kb6 41. Rb1+ Rb2 42. Rxb2+ cxb2 0-1

[Event "*** Titled Tuesday Blitz"]
[Site "Chess.com"]
[Date "2020.01.07"]
[Round "9"]
[White "tteshan"]
[Black "Teidi96"]
[Result "0-1"]
[WhiteElo "2271"]
[BlackElo "2187"]
[TimeControl "180+2"]
[EndTime "15:07:53 PST"]
[Termination "Teidi96 won by resignation"]

1. d4 Nf6 2. c4 e6 3. Nc3 d5 4. Nf3 c6 5. Bg5 Nbd7 6. e3 Qa5 7. a3 Ne4 8. Qc2 Bb4 9. Rc1 Bxc3+ 10. bxc3 Qxa3 11.
cxd5 exd5 12. Bd3 Nxg5 13. Nxg5 h6 14. Nf3 O-O 15. O-O Nf6 16. c4 dxc4 17. Bxc4 Bg4 18. Ne5 Qe7 19. Ng6 Qd7 20. Nxf8 Kxf8 21. Qb3 b5 22. Bd3 a5 23. f3 Be6 24. Qc2 Rc8 25. Qc5+ Kg8 26. e4 a4 27. Rc3 Rd8 28. d5 cxd5 29.
exd5 Qxd5 30. Qxb5 Qd4+ 31. Kh1 Qxc3 32. Be2 a3 33.
Qb6 Rc8 34. Qa6 a2 35. Qa4 Bd5 36. h3 Ra8 37. Qd7 Nxd7 0-1

[Event "*** Titled Tuesday Blitz"]
[Site "Chess.com"]
[Date "2020.01.07"]
[Round "9"]
[White "ural58"]
[Black "letantha"]
[Result "1-0"]
[WhiteElo "2315"]
[BlackElo "1854"]
[TimeControl "180+2"]
[EndTime "15:07:53 PST"]
[Termination "ural58 won on time"]

1. e4 c5 2. b3 Nc6 3. Bb2 e5 4. f4 d6 5. Qf3 Be7 6. Bb5 Nf6 7.
Bxc6+ bxc6 8. fxe5 dxe5 9. Bxe5 O-O 10. Nc3 c4 11. bxc4 Be6 12. d3 Ng4 13. Bf4 Qd4 14. Nge2 Qb6 15. h3 Nf6 16. Be3 Qa5 17. O-O Bb4 18.
Bd2 Qc7 19. a3 Bd6 20. Kh1 Rab8 21. Be3 Rb2 22. c5 Be7 23. Rfc1 Rfb8 24. d4 Bc4 25. Bf4 Qa5 26. Bxb8 Rxb8 27. Qe3 h6 28. Rab1 Re8 29. Nf4 Qc7 30. e5 Nh7 31. Ne4 Bg5 32. Nxg5 Nxg5 33.
Re1 Qa5 34. Rb4 Bb5 35. c4 Ba6 36. Reb1 Rd8 37. Rb8 Bxc4 38. Rxd8+ Qxd8 39. Qc3 Bd5 40. Qb4 1-0

[Event "*** Titled Tuesday Blitz"]
[Site "Chess.com"]
[Date "2020.01.07"]
[Round "9"]
[White "Firouzja2003"]
[Black "Korchmar_Vasiliy"]
[Result "1-0"]
[WhiteElo "3058"]
[BlackElo "2820"]
[TimeControl "180+2"]
[EndTime "15:07:54 PST"]
[Termination "Firouzja2003 won on time"]

1. e4 e5 2. Nf3 Nc6 3. Bb5 a6 4. Ba4 Nf6 5. O-O Be7 6. Re1 b5 7. Bb3 O-O 8. d4 d6 9. c3 Bg4 10. d5 Na5 11. Bc2 c6 12. dxc6 Qc7 13. h3 Be6 14.
Ng5 Bc8 15. Nd2 Qxc6 16. Nf1 h6 17. Nf3 Be6 18. Ng3 Rfd8 19. Nh4 Bf8 20. Qf3 Nh7 21. Nhf5 Nc4 22. b3 Nb6 23. Bd2 Kh8 24. Rad1 Rac8 25. h4 a5 26. Ne3 a4 27. Ngf5 axb3 28. axb3 Ra8 29. Ra1 Rxa1 30. Rxa1 Ra8 31. Qd1 g6 32. Ng3 h5 33. Bd3 Bxb3 34. Qb1 Rxa1 35. Qxa1 Nc4 36. Bc1 Nxe3 37. Bxe3 Bc4 38. Bc2 Nf6 39. Qa7 Ng4 40. Bb6 Bh6 41. Bd1 Kg7 42. Bxg4 hxg4 43. h5 Be6 44. hxg6 Kxg6 45. Qb8 Kg7 46. Ba5 Qc4 47.
Qxd6 Bf4 48. Nh5+ Kg6 49. Nxf4+ exf4 50. Qxf4 Qd3 51. Bb4 Qd1+ 52. Kh2 Qd3 53. Qe5 Qc4 54. Be7 Kh7 55. Qh5+ 1-0

[Event "*** Titled Tuesday Blitz"]
[Site "Chess.com"]
[Date "2020.01.07"]
[Round "9"]
[White "Heineccius"]
[Black "snowlord"]
[Result "0-1"]
[WhiteElo "2659"]
[BlackElo "2770"]
[TimeControl "180+2"]
[EndTime "15:07:57 PST"]
[Termination "snowlord won by resignation"]

1. d4 Nf6 2. c4 e6 3. Nc3 Bb4 4. g3 Bxc3+ 5. bxc3 d6 6. Bg2 Nc6 7. Nf3 O-O 8. c5 dxc5 9. O-O cxd4 10. cxd4 h6 11. Ba3 Re8 12. Rc1 a5 13. Qb3 Ra7 14. Rfd1 Qd5 15. Qb2 Qd8 16. Bc5 Ra6 17. Nd2 Nb4 18. Nc4 b6 19. Bxb4 axb4 20. Ne5 Bd7 21. Rd2 Nd5 22. Bxd5 exd5 23. Qxb4 c5 24. Qb2 c4 25. e4 dxe4 26. Nxc4 Bh3 27. Ne3 Qf6 28. d5 Qf3 29. Qb5 Raa8 30. d6 Rac8 31. Rcd1 Rcd8 32. d7 Rf8 33. Qxb6 f5 34. Qb3+ Kh7 35. Qe6 Rf6 36.
Qe5 f4 37. Qe7 fxe3 0-1

[Event "*** Titled Tuesday Blitz"]
[Site "Chess.com"]
[Date "2020.01.07"]
[Round "9"]
[White "ChessBitl"]
[Black "TwentyHourADay"]
[Result "1-0"]
[WhiteElo "2380"]
[BlackElo "2236"]
[TimeControl "180+2"]
[EndTime "15:07:58 PST"]
[Termination "ChessBitl won by resignation"]

1. e4 g6 2. d4 Bg7 3. c4 d6 4.
Nc3 Nd7 5. Be3 e5 6. d5 a5 7. Bd3 Nc5 8. Bc2 Nf6 9. f3 Nh5 10. Nge2 b6 11. Qd2 Qh4+ 12. g3 Qe7 13. O-O-O Ba6 14. Nb5 Bxb5 15. cxb5 Nf6 16. Kb1 Nfd7 17.
g4 h6 18. h4 O-O-O 19. a3 Qf6 20. Rdf1 Qe7 21. b4 axb4 22. axb4 Nb7 23. Kb2 f5 24. h5 f4 25. Bf2 g5 26. Rc1 Rde8 27. Ra1 Ndc5 28. bxc5 dxc5 29. Nc3 Nd6 30. Bd3 Kb7 31.
Kc2 c4 32. Be2 Ra8 33. Rhb1 Rhb8 34. Qc1 Bf8 35. Qb2 Rxa1 36. Rxa1 Ra8 37. Rxa8 Kxa8 38. Qa2+ Kb8 39. Bxc4 Nb7 40. Bd3 Qe8 41. d6 Bxd6 42. Nd5 Bc5 43. Bxc5 Nxc5 44. Qb2 Qd7 45. Be2 Qd6 46.
Qc3 Ne6 47. Kd2 Nd4 48. Bd1 Nxb5 49. Qb4 Qd7 50. Ba4 c6 1-0

[Event "*** Titled Tuesday Blitz"]
[Site "Chess.com"]
[Date "2020.01.07"]
[Round "9"]
[White "JustaTrickstar"]
[Black "volcanoexplorer"]
[Result "0-1"]
[WhiteElo "2727"]
[BlackElo "2573"]
[TimeControl "180+2"]
[EndTime "15:08:02 PST"]
[Termination "volcanoexplorer won by checkmate"]

1. c4 e5 2. Nc3 Nc6 3. Nf3 Nf6 4. e4 g6 5. d4 exd4 6. Nxd4 d6 7. Nxc6 bxc6 8. Bd3 Bg7 9. O-O O-O 10. h3 Be6 11.
Bf4 d5 12. Qc2 dxc4 13. Be2 Nd7 14. Rfd1 Qh4 15. Bxc7 Ne5 16. Bf1 Qg5 17. Kh1 Rfc8 18. Bd6 Rd8 19. Na4 Qh5 20. Nc5 Bg4 21. Rd2 Nf3 22.
Rad1 Nxd2 23. Rxd2 Rxd6 24. Rxd6 Qxc5 25. Rd2 Be6 26.
f4 Re8 27. Rf2 Bd4 28. Rf3 Kh8 29. a4 a5 30. Kh2 Bg7 31. e5 Bd5 32. Rc3 Qd4 33. Qc1 Bh6 34. g3 Rxe5 35. Rc2 Re8 36. Bg2 Bg7 37. Bf1 Qe4 38. Bxc4 Bxc4 39. Rxc4 Qe2+ 40. Kh1 Qf3+ 41. Kg1 Re2 42. Qc3 Qg2# 0-1

[Event "*** Titled Tuesday Blitz"]
[Site "Chess.com"]
[Date "2020.01.07"]
[Round "9"]
[White "nurmiTV"]
[Black "WelshTiger"]
[Result "0-1"]
[WhiteElo "2531"]
[BlackElo "2393"]
[TimeControl "180+2"]
[EndTime "15:08:04 PST"]
[Termination "WelshTiger won by resignation"]

1. c4 g6 2. Nc3 Bg7 3. g3 Nf6 4. Bg2 d6 5. e4 c5 6. Nge2 Nc6 7. h3 O-O 8. O-O e5 9. d3 a6 10.
Bg5 h6 11. Bxf6 Bxf6 12. Nd5 Bg7 13. Nec3 Rb8 14. a3 Nd4 15. b4 b5 16. cxb5 axb5 17.
Rc1 Be6 18. Kh2 Ra8 19. Nb1 Bxd5 20. exd5 cxb4 21. axb4 f5 22. Nc3 Rf7 23. Ne2 Nxe2 24. Qxe2 Rc7 25. d4 e4 26. Qxb5 Rxc1 27. Rxc1 Bxd4 28. Rc2 h5 29. Qc6 h4 30. Bf1 Rb8 31. b5 Be5 32. Qc7 hxg3+ 33. fxg3 Qxc7 34. Rxc7 Bd4 35. Kg2 Ra8 36. Rc6 Ra2+ 37. Kh1 Bc5 38. Ra6 Rb2 39.
Ra8+ Kg7 40. Re8 Kf7 41. Re6 e3 42. Bd3 Rd2 43. Bc4 g5 44. h4 f4 45. gxf4 gxf4 46.
Re4 Rf2 47. Kg1 Kf6 48. Bd3 e2 49. Kh1 Rf1+ 50. Kg2 e1=Q 0-1

[Event "*** Titled Tuesday Blitz"]
[Site "Chess.com"]
[Date "2020.01.07"]
[Round "9"]
[White "Zubrrr"]
[Black "Ginzburg_Yakov"]
[Result "0-1"]
[WhiteElo "2733"]
[BlackElo "2586"]
[TimeControl "180+2"]
[EndTime "15:08:05 PST"]
[Termination "Ginzburg_Yakov won on time"]

1. c4 c6 2. g3 d5 3. Bg2 Nf6 4. Nf3 Bf5 5. O-O e6 6. b3 h6 7. Bb2 Be7 8. d3 O-O 9. Nbd2 Nbd7 10. Qc2 Bh7 11. Rad1 Qc7 12. Qb1 Rfe8 13. Qa1 Bd6 14. Rc1 e5 15. cxd5 Nxd5 16. Nc4 f6 17. Nxd6 Qxd6 18.
Nd2 Rad8 19. Ne4 Qe6 20. Rfd1 Bf5 21. Qb1 Bh3 22. Bxh3 Qxh3 23. Nd6 Re6 24. Nxb7 f5 25. Kh1 Rf8 26. Rg1 f4 27. g4 N7f6 28. f3 Ne3 29. Bc3 Nfxg4 30. fxg4 Nxg4 31. Rxg4 Qxg4 32. Qc2 f3 33.
Rg1 Qh5 34. exf3 Rg6 35. Qg2 Rxg2 36. Rxg2 Qxf3 37. Bxe5 Qd1+ 38. Rg1 Rf1 0-1

[Event "*** Titled Tuesday Blitz"]
[Site "Chess.com"]
[Date "2020.01.07"]
[Round "9"]
[White "IMRosen"]
[Black "Gabrielian_Artur"]
[Result "0-1"]
[WhiteElo "2573"]
[BlackElo "2785"]
[TimeControl "180+2"]
[EndTime "15:08:06 PST"]
[Termination "Gabrielian_Artur won by resignation"]

1. d4 Nf6 2. Bf4 g6 3. Nc3 d5 4.
e3 Bg7 5. h4 h5 6. Nf3 O-O 7.
Ne5 c5 8. Qd2 cxd4 9. exd4 Bf5 10. O-O-O Nc6 11. Kb1 Rc8 12. f3 Nb4 13. Nd3 Bxd3 14.
Bxd3 Qa5 15. a3 Nxd3 16. Qxd3 Rc4 17. Ne2 Rfc8 18. Rd2 b5 19. Nc1 b4 20. Nb3 Qb5 21. axb4 Qxb4 22. Be5 a5 23. Nc5 a4 24. c3 Qb5 25. Re1 Bh6 26. f4 Ng4 27. Ree2 Nxe5 28. fxe5 Bxd2 29. Rxd2 R4xc5 30. dxc5 Qxd3+ 31. Rxd3 Rxc5 32. Rd4 a3 33. g3 axb2 34. Kxb2 e6 35. Kb3 Ra5 36. g4 hxg4 37. Rxg4 Kf8 38. Rg5 Kg7 39. Rg4 Ra1 40. h5 Re1 41. hxg6 fxg6 42. Rg5 Re4 43.
Kc2 Kh6 44. Rg1 Rxe5 45. Kd3 Re4 46. Rh1+ Kg7 47. Ra1 Kf6 48. Rf1+ Ke5 49. Rg1 Kf5 50. Rf1+ Rf4 51. Rh1 g5 52. Ke3 e5 53. Rh8 Re4+ 54. Kf3 g4+ 55. Kg3 Re3+ 56. Kg2 Rxc3 57. Rf8+ Ke4 58.
Rf2 d4 59. Kf1 d3 60. Rg2 Rc1+ 61. Kf2 Rc2+ 62. Kg3 Rxg2+ 63. Kh4 0-1

[Event "*** Titled Tuesday Blitz"]
[Site "Chess.com"]
[Date "2020.01.07"]
[Round "9"]
[White "korbul"]
[Black "Colombiano07"]
[Result "0-1"]
[WhiteElo "2558"]
[BlackElo "2200"]
[TimeControl "180+2"]
[EndTime "15:08:07 PST"]
[Termination "Colombiano07 won by checkmate"]

1. d4 Nf6 2. Nf3 b6 3. g3 Bb7 4. Bg2 c5 5. O-O cxd4 6. Qxd4 e6 7. c4 d6 8. Nc3 Be7 9. e4 O-O 10. Qe3 a6 11. Nd4 Nbd7 12. b3 Qc7 13. Bb2 Rac8 14. Rfe1 Rfe8 15. Rad1 Qb8 16. Qe2 Qa8 17. f4 Bf8 18. f5 Ne5 19. fxe6 fxe6 20. Bh3 Kf7 21. Rf1 Rc7 22. Rxf6+ gxf6 23. Qh5+ Kg8 24. Bxe6+ Kh8 25. Bf5 Rf7 26. Nd5 Bc8 27. Bxc8 Qxc8 28. Nf5 Qd7 29. Nxb6 Qe6 30. Nd5 Ng6 31. Re1 Ne5 32. Re3 a5 33.
Kg2 Rb8 34. Nf4 Qd7 35. Nd5 Nxc4 36. Nxf6 Nxe3+ 37. Nxe3 Rxf6 38. Bxf6+ Bg7 39. Bxg7+ Qxg7 40. Nf5 Qe5 41. Qf3 Re8 42. Kf2 a4 43. bxa4 d5 44.
exd5 Rf8 45. g4 Qxh2+ 46. Ke3 Re8+ 47. Kd3 Qxa2 48. Nd4 Qa3+ 49. Kc4 Rc8+ 50. Kb5 Qc5+ 51. Ka6 Ra8+ 52. Kb7 Ra7+ 53. Kb8 Qc7# 0-1

[Event "*** Titled Tuesday Blitz"]
[Site "Chess.com"]
[Date "2020.01.07"]
[Round "9"]
[White "Ray_Yang"]
[Black "HouseOfDurin"]
[Result "1-0"]
[WhiteElo "2272"]
[BlackElo "2121"]
[TimeControl "180+2"]
[EndTime "15:08:08 PST"]
[Termination "Ray_Yang won on time"]

1. d4 Nf6 2. c4 c5 3. d5 b5 4. Qc2 bxc4 5. e4 d6 6. Bxc4 Nbd7 7. Nf3 g6 8. h3 Bg7 9. O-O O-O 10. Be3 a5 11. Nc3 Ba6 12. Bxa6 Rxa6 13. Nd2 Nb6 14. Qd3 Qa8 15. Nc4 Nxc4 16. Qxc4 Rb6 17. b3 a4 18. Nxa4 Rb4 19. Qc2 Nxe4 20. Rab1 Qxd5 21. Rfd1 Qa8 22. a3 Rxa4 23. bxa4 Nc3 24. Bh6 Nxd1 25. Bxg7 Kxg7 26.
Rxd1 Qa5 27. Qe4 Qa7 28. Re1 e6 29. Qd3 d5 30. Qc3+ Kg8 31. Rc1 c4 32. a5 Ra8 33.
Rb1 Qa6 34. Rb6 Qa7 35. a4 d4 36. Qxc4 Qxa5 37. Rc6 Rd8 38. Rc5 Qe1+ 39. Kh2 Qxf2 40. a5 d3 41. Rc8 Rxc8 42. Qxc8+ Kg7 43. Qc3+ Qf6 44. Qxd3 e5 45. a6 Qf4+ 46. Kg1 e4 47. Qd4+ f6 48. a7 Qc1+ 49. Kh2 Qf4+ 50. g3 Qf3 51.
a8=Q Qe2+ 52. Kg1 Qe1+ 53. Kg2 1-0

[Event "*** Titled Tuesday Blitz"]
[Site "Chess.com"]
[Date "2020.01.07"]
[Round "9"]
[White "MiroVlasenko"]
[Black "iLuusions"]
[Result "0-1"]
[WhiteElo "2665"]
[BlackElo "2500"]
[TimeControl "180+2"]
[EndTime "15:08:13 PST"]
[Termination "iLuusions won by resignation"]

1. d4 Nf6 2. Bg5 e6 3. e4 c5 4.
e5 h6 5. Bc1 Nh7 6. c3 Nc6 7.
Nf3 cxd4 8. cxd4 d6 9. Bb5 Bd7 10. Nc3 a6 11. Bd3 dxe5 12. Bxh7 exd4 13. Be4 dxc3 14.
bxc3 Bc5 15. O-O O-O 16. Rb1 Qc7 17. Nd4 f5 18. Bc2 e5 19. Nxf5 Bxf5 20. Bxf5 Rxf5 21. Qd5+ Qf7 22. Qxc5 e4 23. Qb6 Na5 24. Be3 Rc8 25.
Bd4 Rc6 26. Qd8+ Kh7 27. Rbe1 Re6 28. Re3 Nc6 29. Qh4 Rf4 30. Qh3 Rg6 31. g3 Nxd4 32. cxd4 Qxa2 33. Qd7 Rf7 34. Qe8 Qd5 35. Rxe4 Rgf6 36.
f4 Qd7 37. Qb8 Rd6 38. Rd1 Re7 39.
Rxe7 Qxe7 40. Kf2 Re6 41. Qc8 Re2+ 42. Kf1 Qe4 43. Qh3 Rc2 44. Kg1 Qe3+ 45. Kh1 Qf3+ 0-1

[Event "*** Titled Tuesday Blitz"]
[Site "Chess.com"]
[Date "2020.01.07"]
[Round "9"]
[White "13MiRacLe"]
[Black "viktorskliarov"]
[Result "0-1"]
[WhiteElo "2700"]
[BlackElo "2636"]
[TimeControl "180+2"]
[EndTime "15:08:19 PST"]
[Termination "viktorskliarov won by checkmate"]

1. e4 c5 2. Nf3 Nc6 3. d4 cxd4 4. Nxd4 Nf6 5. Nc3 e5 6. Ndb5 d6 7. Bg5 a6 8. Na3 b5 9. Bxf6 gxf6 10. Nd5 f5 11. g3 Bg7 12. exf5 Bxf5 13. Bg2 Rc8 14. c3 O-O 15. Nc2 Be6 16. O-O Ne7 17. Nxe7+ Qxe7 18. a4 Rfd8 19. axb5 axb5 20. Nb4 d5 21. Qd3 Qc5 22. Ra5 d4 23. Rxb5 Qc4 24. Rb6 Qxd3 25. Nxd3 dxc3 26. Nc1 Bc4 27. Re1 c2 28. Bf3 e4 29. Bg4 f5 30. Bh5 Rc7 31. Rb4 Bf8 32. Ra4 Bd3 33. Kg2 Rb8 34. b3 Bb4 35. Rg1 Bd2 36. Ra1 Bxc1 37. Rgxc1 Rxb3 38. f3 e3 39. f4 Rb1 40. Raxb1 cxb1=Q 41. Rxc7 Qf1# 0-1

[Event "*** Titled Tuesday Blitz"]
[Site "Chess.com"]
[Date "2020.01.07"]
[Round "9"]
[White "Fandorin779"]
[Black "yoolund"]
[Result "0-1"]
[WhiteElo "2329"]
[BlackElo "2500"]
[TimeControl "180+2"]
[EndTime "15:08:22 PST"]
[Termination "yoolund won by resignation"]

1. e4 g6 2. d4 Bg7 3. Nc3 d6 4. Be3 a6 5. Qd2 b5 6. f3 Nd7 7. g4 Bb7 8. g5 c5 9. Nce2 h6 10.
gxh6 Bxh6 11. Bxh6 Rxh6 12. Bg2 cxd4 13. Nxd4 Ne5 14.
b3 Qb6 15. Nge2 O-O-O 16. O-O-O Rh8 17. f4 Nc6 18. Nxc6 Qxc6 19. Nd4 Qc5 20. e5 dxe5 21. Bxb7+ Kxb7 22. fxe5 Nh6 23. Kb1 Kb6 24. e6 Nf5 25. c3 Nxd4 26. cxd4 Qf5+ 27. Kb2 fxe6 28. Rhf1 Qd5 29.
Rfe1 Rh4 30. Qf2 g5 31. Re5 Rf4 32. Qg1 Qf3 33. d5+ Kb7 34. Rxe6 Qf2+ 35. Kb1 Qxg1 36. Rxg1 Rxd5 37. Rxe7+ Kb6 38. Rg7 Rf2 39. R7xg5 Rdd2 40.
h4 Rb2+ 41. Kc1 Rxa2 42. h5 0-1

[Event "*** Titled Tuesday Blitz"]
[Site "Chess.com"]
[Date "2020.01.07"]
[Round "9"]
[White "Valk4"]
[Black "hazy13"]
[Result "0-1"]
[WhiteElo "2276"]
[BlackElo "2231"]
[TimeControl "180+2"]
[EndTime "15:08:22 PST"]
[Termination "hazy13 won by resignation"]

1. e4 c5 2. Nf3 g6 3. Bc4 Nc6 4. c3 e6 5. O-O d5 6. exd5 exd5 7.
Re1+ Nge7 8. Bb5 Bg7 9. d4 cxd4 10. Nxd4 O-O 11. Be3 a6 12. Be2 Nf5 13. Nxf5 Bxf5 14. Bf3 Be6 15. Nd2 d4 16. cxd4 Bxd4 17. Bh6 Bxf2+ 18.
Kxf2 Qh4+ 19. Kg1 Qxh6 20. Ne4 Qg7 21. Nc5 Qd4+ 22. Qxd4 Nxd4 23. Bxb7 Rab8 24. Rac1 Rfd8 25. b3 a5 26. Be4 Rbc8 27. Kf2 Bf5 28. Nb7 Rxc1 29.
Rxc1 Ra8 30. Bd5 Ra7 31. Ke3 Nc2+ 32. Kf4 Nb4 33. Be4 Bxe4 34. Rc8+ Kg7 35. Nd6 Bd5 36.
Ne8+ Kh6 37. g4 g5+ 38. Kf5 Be6+ 39. Kf6 Bxc8 40. Nd6 Ra6 41. Ke7 Rxd6 42. Kxd6 Bxg4 0-1

[Event "*** Titled Tuesday Blitz"]
[Site "Chess.com"]
[Date "2020.01.07"]
[Round "9"]
[White "igorkovalenko"]
[Black "Duhless"]
[Result "1/2-1/2"]
[WhiteElo "2919"]
[BlackElo "3103"]
[TimeControl "180+2"]
[EndTime "15:08:23 PST"]
[Termination "Game drawn by repetition"]

1. e4 c5 2. Nf3 Nc6 3. Bb5 g6 4. O-O Bg7 5. Re1 e5 6. Bxc6 dxc6 7. a3 a5 8. d3 Qe7 9. Nc3 Nf6 10. Bg5 h6 11. Be3 O-O 12. Qd2 Ng4 13. Na4 Nxe3 14. Qxe3 Bg4 15. Qxc5 Qd8 16. Qb6 Qe7 17. Nd2 Qg5 18.
Qe3 Qe7 19. Nb6 Ra6 20. a4 h5 21. Ndc4 Be6 22. c3 Rd8 23. Rad1 Kh7 24. f3 Qc7 25. h3 Bh6 26. Qf2 Bg7 27. g4 hxg4 28. hxg4 Kg8 29. Kg2 Bf6 30. Qe3 Kg7 31. Rh1 Rh8 32. Rxh8 Kxh8 33.
g5 Bg7 34. Rf1 Kg8 35. f4 exf4 36. Qxf4 Qd8 37. Qe3 Bf8 38. Rh1 c5 39. Qf4 Rxb6 40. Nxb6 Qxb6 41. Qe5 Bg7 42. Qb8+ Bf8 43. Qe5 Qxb2+ 44.
Kg3 Bg7 45. Qb8+ Bf8 46. Qe5 Bg7 47. Qb8+ Bf8 48. Qe5 1/2-1/2

[Event "*** Titled Tuesday Blitz"]
[Site "Chess.com"]
[Date "2020.01.07"]
[Round "9"]
[White "Blagorod"]
[Black "Glufs"]
[Result "0-1"]
[WhiteElo "2129"]
[BlackElo "2375"]
[TimeControl "180+2"]
[EndTime "15:08:23 PST"]
[Termination "Glufs won on time"]

1. e4 c6 2. d4 d5 3. exd5 cxd5 4. Bd3 Nc6 5. c3 Nf6 6. Nf3 Bg4 7. Bf4 e6 8. h3 Bh5 9. Nbd2 Bd6 10. Bxd6 Qxd6 11.
Qb3 O-O 12. O-O Rab8 13. Rfe1 Bxf3 14. Nxf3 b5 15. Ne5 b4 16. Nxc6 Qxc6 17. cxb4 Qb6 18.
a3 Qxd4 19. Rad1 Qh4 20. Qa4 Rb7 21. Qc6 Rfb8 22. Rc1 g6 23. Rc2 Qd4 24. Bf1 Kg7 25. Rec1 Ne4 26. g3 Nxg3 27. Qc3 Nf5 28. Qxd4+ Nxd4 29.
Rc7 Kf6 30. Kg2 g5 31. Bd3 h5 32. Bf1 h4 33. R7c3 Nf5 34. Rc7 Ne7 35. Ba6 Rb6 36.
Rxa7 Nc6 37. Rc7 Nxb4 38. Be2 Na2 39. b4 Nxc1 40. Rxc1 Ra8 41. Rc3 d4 42. Rb3 e5 43.
Kf3 Ke6 44. Bc4+ Kd6 45. Ke4 Rc8 46. Bxf7 Rc3 0-1